 Dungeon Crawl Stone Soup version 0.30-a0-652-gcc886f7154 (webtiles) character file.

Game seed: 10815432539420369800

40 BigDaddyOpFi the Trooper (level 3, -7/33 HPs)
             Began as a Draconian Fighter on Jan 17, 2023.
             Succumbed to Jessica's poison
             ... on level 2 of the Dungeon.
             The game lasted 00:00:47 (775 turns).

BigDaddyOpFi the Trooper (Draconian Fighter)         Turns: 775, Time: 00:00:48

Health: -7/33      AC:  5    Str: 20    XL:     3   Next: 30%
Magic:  3/3        EV: 12    Int:  8    God:
Gold:   72         SH:  4    Dex: 10    Spells: 2/2 levels left

rFire   . . .      SeeInvis .    a - +0 war axe
rCold   . . .      Faith    .    b - +0 buckler
rNeg    . . .      Spirit   .    (body armour unavailable)
rPois   .          Reflect  .    (helmet restricted)
rElec   .          Harm     .    (no cloak)
rCorr   .          Rampage  .    (no gloves)
Will    .....                    (no boots)
Stlth   +                        (no amulet)
HPRegen 0.25/turn                (no ring)
MPRegen 0.08/turn                (no ring)

@: lethally poisoned (-7 -> -29)
A: AC +5, unfitting armour, cold-blooded
a: no special abilities


You were on level 2 of the Dungeon.
You visited 1 branch of the dungeon, and saw 2 of its levels.

You collected 72 gold pieces.

Inventory:

Hand Weapons
 a - a +0 war axe (weapon)
Armour
 b - a +0 buckler (worn)
Scrolls
 d - a scroll of fear {unknown}
 f - 2 scrolls of enchant armour {unknown}
 g - a scroll of torment {unknown}
 i - a scroll of noise {unknown}
 k - a scroll of blinking {unknown}
 l - a scroll of magic mapping {unknown}
Potions
 c - a potion of might
 e - a potion of curing {unknown}
 h - a potion of lignification {unknown}
 j - 2 potions of brilliance {unknown}


   Skills:
 + Level 3.7 Fighting
 + Level 2.5 Axes
 + Level 3.0 Dodging
 + Level 3.4 Shields


You had 2 spell levels left.
You didn't know any spells.
Your spell library was empty.

Dungeon Overview and Level Annotations

Branches:
Dungeon (2/15)

Altars:


Innate Abilities, Weirdness & Mutations

Your plain brown scales are hard. (AC +5)
You cannot fit into any form of body armour.
You are cold-blooded and may be slowed by cold attacks.


Message History

The kobold hits you but does no damage.
You closely miss the kobold. You barely miss the kobold.
You feel sick. The kobold hits you with a +0 dagger. The kobold misses you.
The kobold hits you but does no damage. x2
You closely miss the kobold. x2; You feel sick.
The kobold barely misses you. You block the kobold's attack.
You are too injured to fight recklessly!
You are too injured to fight recklessly!
You are too injured to fight recklessly!
You are too injured to fight recklessly!
You are too injured to fight recklessly!
You are too injured to fight recklessly!
You are too injured to fight recklessly!
You are too injured to fight recklessly!
You are too injured to fight recklessly!
You are too injured to fight recklessly!
You are too injured to fight recklessly!
You are too injured to fight recklessly!
You are too injured to fight recklessly!
You are too injured to fight recklessly!
You barely miss Jessica. You barely miss the kobold. You hit the kobold.
You kill the kobold!
You feel sick. The kobold hits you but does no damage.
You block Jessica's attack. The kobold hits you with a +0 whip.
You slash Jessica!
Jessica is almost dead.
You closely miss the kobold.
You feel sick.
You are no longer poisoned.
Jessica hits you with a +2 dagger of venom!
* * * LOW HITPOINT WARNING * * *
You are lethally poisoned!
The kobold hits you with a +0 whip.
* * * LOW HITPOINT WARNING * * *
Jessica hits you with a +2 dagger of venom.
* * * LOW HITPOINT WARNING * * *
You are more poisoned.
You slash Jessica!
You kill Jessica!
You closely miss the kobold.
You die...

#≈~...~≈# #≈~...~≈#
#≈~...≈≈# #≈~...~~#
#≈~...~≈# #~~...~~#
#~.)K).~#
###########
#...@)..#
#......[_..
##.....##
#.....<..##
###.#############.#
#.#)##.# #>#
#...##.# #.##
###.##.# #...
#.##.## ####
#.##..## #
#.##.#.## #


You could see a kobold.

Vanquished Creatures
  Jessica (D:2)
  A gnoll (D:1)
  A dart slug (D:2)
  2 endoplasms (D:1)
  3 giant cockroaches (D:1)
  A goblin (D:1)
  2 hobgoblins (D:1)
  A quokka (D:1)
  2 ball pythons (D:1)
  6 bats
  6 kobolds
  4 rats (D:1)
30 creatures vanquished.

Notes
Turn   | Place    | Note
-------+----------+-------------------------------------------
     0 | D:1      | BigDaddyOpFi the Draconian Fighter began the quest for the
                  | Orb.
     0 | D:1      | Reached XP level 1. HP: 19/19 MP: 1/1
    35 | D:1      | Reached XP level 2. HP: 19/26 MP: 2/2
   367 | D:1      | Reached XP level 3. HP: 33/33 MP: 3/3
   683 | D:2      | Found a faded altar of an unknown god.
   759 | D:2      | Identified the +6 short sword "Yfauqaol" {holy, rF- rN+
                  | Stlth+}
   764 | D:2      | Noticed Jessica
   774 | D:2      | HP: 1/33 [Jessica/+2 dagger of venom (3)]
   775 | D:2      | Killed Jessica
   775 | D:2      | Succumbed to Jessica's poison

Illustrated notes

Levels and vault maps discovered:
D:1:      tarquinn_simple_flora_water_f, layout_basic, dk_noncrumbling_4,
          minmay_bisected
D:2:      minmay_kobold_bridge, layout_loops_ring, basic_ecumenical_altar,
          uniq_natasha, uniq_jessica

Skill      XL: |  1  2 |
---------------+-------+-----
Dodging        | 3 |  3.0
Fighting       | |  3.7
Axes           | |  2.5
Shields        | |  3.4

Action                   || total
-------------------------++-------
Melee: War axe           ||    59
       Tailslap          ||     7
Armor: Skin              ||    21
Dodge: Dodged            ||    43
Block: Buckler           ||    16

Table legend: (Time is in decaauts)
 A = Elapsed time spent in this place.
 B = Non-inter-level travel time spent in this place.
 C = Inter-level travel time spent in this place.
 D = Time resting spent in this place.
 E = Time spent auto-exploring this place.
 F = Levels seen in this place.
 G = Mean time per level.
                   A        B        C        D        E       F      G
               +--------+--------+--------+--------+--------+-----+--------+
         Total |    801 |    785 |     16 |      0 |    620 |   2 |  400.5 |
       Dungeon |    801 |    785 |     16 |      0 |    620 |   2 |  400.5 |
               +--------+--------+--------+--------+--------+-----+--------+

Top non-repeatable levels by time:
     D:1: 704 daAuts
     D:2: 97 daAuts
